 Dungeon Crawl Stone Soup version 0.28-a0-883-gc8d7bad45d (webtiles) character file.

Game seed: 11725085095547024385

108 mandarbmax the Ruffian (level 4, -6/45 HPs)
             Began as an Ogre Transmuter on Nov 21, 2021.
             Killed by divine providence
             ... invoked by an orc priest
              (16 damage)
             ... on level 3 of the Dungeon.
             The game lasted 00:05:17 (2622 turns).

mandarbmax the Ruffian (Ogre Transmuter)            Turns: 2622, Time: 00:05:17

Health: -6/45      AC:  3    Str: 14    XL:     4   Next: 87%
Magic:  6/8        EV: 10    Int: 15    God:
Gold:   84         SH:  0    Dex:  9    Spells: 3/9 levels left

rFire   . . .      SeeInvis .     - Unarmed
rCold   . . .      Faith    .   (no shield)
rNeg    . . .      Spirit   .   a - +0 robe
rPois   .          Reflect  .   (helmet currently unavailable)
rElec   .          Harm     .   (no cloak)
rCorr   .          Rampage  .   (gloves unavailable)
Will    .....                   (boots unavailable)
Stlth   +.........              (no amulet)
HPRegen 0.15/turn               (no ring)
MPRegen 0.11/turn               (no ring)

@: appendages (expiring), wereblooded
A: horns 2, talons 2, large, unfitting armour, tough skin 1
a: End Transformation


You were on level 3 of the Dungeon.
You had temporarily grown beastly horns and talons.
You visited 1 branch of the dungeon, and saw 3 of its levels.

You collected 84 gold pieces.

Inventory:

Missiles
 h - 11 poisoned darts (quivered)
Armour
 a - a +0 robe (worn)
Scrolls
 b - a scroll of immolation {unknown}
 e - a scroll of enchant armour {unknown}
 f - a scroll of fear {unknown}
 g - a scroll of fog {unknown}
 j - a scroll of identify {unknown}
 k - a scroll of teleportation {unknown}
Potions
 c - 2 potions of might {unknown}
 d - a potion of lignification {unknown}
 i - 2 potions of curing {unknown}
 l - a potion of heal wounds {unknown}


   Skills:
 + Level 3.2 Fighting
 - Level 2.0 Dodging
 + Level 3.4 Unarmed Combat
 - Level 3.0 Spellcasting
 + Level 2.7 Transmutations


You had 3 spell levels left.
You knew the following spells:

 Your Spells              Type           Power      Damage    Failure   Level
a - Beastly Appendage     Tmut           20%        N/A       7%          1
b - Wereblood             Tmut           10%        N/A       10%         2
c - Spider Form           Tmut/Pois      6%         N/A       34%         3

Your spell library contained the following spells:

 Spells                   Type           Power      Damage    Failure   Level
 Tukima's Dance           Hex            2%         N/A       52%         3
 Ice Form                 Ice/Tmut       6%         N/A       75%         4
 Passage of Golubria      Tloc           2%         N/A       89%         4
 Yara's Violent Unravell  Hex/Tmut       3%         3d4       97%         5


Dungeon Overview and Level Annotations

Branches:
Dungeon (3/15)

Altars:


Innate Abilities, Weirdness & Mutations

You have temporarily grown beastly horns and talons.
You are too large for most types of armour.
You have tough skin. (AC +1)


Message History

You grow a pair of large bovine horns.
Your feet morph into talons.
Casting: Beastly Appendage (safe; 7% risk of failure)
Confirm with . or Enter, or press ? or * to list all spells.
Your blood is infused with primal strength.
The endoplasm quivers.
An orc priest comes into view. It is wielding a +0 hand axe.
You hit the endoplasm. You claw the endoplasm.
You kill the endoplasm!
An orc comes into view. It is wielding a +0 flail.
You howl as the wereblood boils in your veins!
The orc shouts!
You hear a shout!
You howl as the wereblood boils in your veins!
You hear a shout!
The orc priest mumbles some strange prayers to Beogh against you.
Beogh smites you!
An orc comes into view. It is wielding a +0 war axe.
You howl as the wereblood boils in your veins!
An orc comes into view. It is wielding a +0 trident.
You hit the orc priest. You claw the orc priest.
Your headbutt misses the orc priest.
The orc priest is moderately wounded.
The orc priest hits you but does no damage.
The orc misses you.
You hit the orc priest. Your kick misses the orc priest.
The orc priest is moderately wounded.
You howl as the wereblood boils in your veins!
The orc priest hits you with a +0 hand axe.
The orc hits you with a +0 flail!
You hit the orc priest. You headbutt the orc priest!
The orc priest is almost dead.
You howl as the wereblood boils in your veins!
The orc priest invokes the aid of Beogh against you.
Beogh smites you! The orc hits you but does no damage.
The orc hits you from afar with a +0 trident.
* * * LOW HITPOINT WARNING * * *
Your transformation is almost over.
The orc priest looks satisfied for a moment.
The orc priest mumbles some strange prayers to Beogh against you.
Beogh smites you!
You die...

#.........#
#.........#
#.........#
#.........# ..
###.........###....
#..........oo.o....
#.#........o#
#>..........#
###......@..#
##.........#
#......#####
#.####.# #.# #..#
#########.# ##...
..........# ....
.........## ....
.........#


You could see an orc priest and 2 orcs.

Vanquished Creatures
  5 adders
  2 worms (D:2)
  6 endoplasms
  2 giant cockroaches
  8 goblins
  4 hobgoblins
  3 jackals (D:2)
  2 ball pythons (D:1)
  8 bats
  6 frilled lizards
  5 kobolds
  6 rats
57 creatures vanquished.

Notes
Turn   | Place    | Note
-------+----------+-------------------------------------------
     0 | D:1      | mandarbmax the Ogre Transmuter began the quest for the Orb.
     0 | D:1      | Reached XP level 1. HP: 19/19 MP: 3/3
   181 | D:1      | Reached XP level 2. HP: 28/28 MP: 5/5
   628 | D:1      | Reached XP level 3. HP: 32/35 MP: 5/7
  1003 | D:2      | Learned a level 2 spell: Wereblood
  1305 | D:2      | Reached XP level 4. HP: 40/44 MP: 4/8
  1309 | D:2      | Learned a level 3 spell: Spider Form
  1426 | D:2      | Found a faded altar of an unknown god.
  2622 | D:3      | Killed from afar by an orc priest

Illustrated notes

Levels and vault maps discovered:
D:1:      dpeg_arrival_chambers_temple_mockup, layout_rooms
D:2:      layout_loops_ring, shapermc_ecumenical_altar_totnotflames
D:3:      layout_basic, cheibrodos_ashenzari_chains, grunt_ministairs_5

Skill      XL: |  1  2  3  4 |
---------------+-------------+-----
Transmutations | 2 |  2.7
Dodging        | 2 |  2.0
Fighting       | 2 3 |  3.2
Unarmed Combat | 3 |  3.4
Spellcasting   | 3 |  3.0

Action                   |  1- 3 |  4- 6 || total
-------------------------+-------+-------++-------
Melee: Unarmed           |    97 |    72 ||   169
       Kick              |    10 |     6 ||    16
       Headbutt          |     9 |     7 ||    16
       Punch             |     1 |       ||     1
Throw: Dart              |       |     8 ||     8
 Cast: Beastly Appendage |    26 |    14 ||    40
       Wereblood         |     2 |     9 ||    11
Armor: Robe              |    50 |    17 ||    67
Dodge: Dodged            |    36 |    27 ||    63

Table legend: (Time is in decaauts)
 A = Elapsed time spent in this place.
 B = Non-inter-level travel time spent in this place.
 C = Inter-level travel time spent in this place.
 D = Time resting spent in this place.
 E = Time spent auto-exploring this place.
 F = Levels seen in this place.
 G = Mean time per level.
                   A        B        C        D        E       F      G
               +--------+--------+--------+--------+--------+-----+--------+
         Total |   2612 |   2529 |     83 |    164 |   1974 |   3 |  870.7 |
       Dungeon |   2612 |   2529 |     83 |    164 |   1974 |   3 |  870.7 |
               +--------+--------+--------+--------+--------+-----+--------+

Top non-repeatable levels by time:
     D:2: 1378 daAuts
     D:1: 972 daAuts
     D:3: 262 daAuts
